 Dungeon Crawl Stone Soup version 0.30-a0-1160-g6e42c06551 (webtiles) character file.

Game seed: 8671332734631460843

128 CowFu the Slasher (level 5, -5/41 HPs)
             Began as a Human Fighter on Apr 26, 2023.
             Succumbed to Crazy Yiuf's poison
             ... on level 3 of the Dungeon.
             The game lasted 00:02:27 (3160 turns).

CowFu the Slasher (Human Fighter)                   Turns: 3160, Time: 00:02:27

Health: -5/41      AC:  6    Str: 18    XL:     5   Next: 33%
Magic:  5/5        EV:  9    Int:  8    God:
Gold:   140        SH:  4    Dex: 13    Spells: 4/4 levels left

rFire   . . .        a - +0 long sword
rCold   . . .        c - +0 buckler
rNeg    . . .        b - +0 scale mail
rPois   .            (no helmet)
rElec   .            (no cloak)
rCorr   .            (no gloves)
SInv    .            (no boots)
Will    +....        h - amulet of regeneration Stlth
                     i - ring of willpower
HPRegen 1.06/turn    (no ring)
MPRegen 0.09/turn

%: no passive effects
@: mighty, lethally poisoned (-5 -> -20)
A: no striking features
a: no special abilities


You were on level 3 of the Dungeon.
You visited 1 branch of the dungeon, and saw 3 of its levels.

You collected 140 gold pieces.

Inventory:

Hand Weapons
 a - a +0 long sword (weapon)
Armour
 b - a +0 scale mail (worn)
 c - a +0 buckler (worn)
 x - a +0 pair of boots
Jewellery
 g - a ring of ice
 h - an amulet of regeneration (around neck)
 i - a ring of willpower (left hand)
 q - a +6 ring of dexterity
 r - an amulet of the acrobat
Scrolls
 e - 5 scrolls of identify {unknown}
 f - 2 scrolls of immolation {unknown}
 k - a scroll of teleportation {unknown}
 l - 2 scrolls of fog {unknown}
 n - a scroll of enchant armour {unknown}
 o - a scroll of amnesia {unknown}
 t - a scroll of fear {unknown}
Potions
 j - 2 potions of flight {unknown}
 m - a potion of resistance {unknown}
 p - a potion of heal wounds {unknown}
 s - a potion of curing {unknown}
 u - a potion of cancellation {unknown}
 w - a potion of attraction {unknown}
Miscellaneous
 v - a condenser vane


   Skills:
 - Level 3.0 Fighting
 + Level 5.1 Long Blades
 - Level 3.0 Armour
 - Level 3.0 Shields


You had 4 spell levels left.
You didn't know any spells.
Your spell library contained the following spells:

 Spells                   Type           Power      Damage    Failure   Level
 Sandblast                Erth           0%         2d4       86%         1
 Lesser Beckoning         Tloc           0%         N/A       95%         2
 Passwall                 Tmut/Erth      0%         N/A       95%         2
 Ozocubu's Armour         Ice            0%         N/A       99%         3
 Stone Arrow              Conj/Erth      0%         3d7       99%         3
 Animate Armour           Summ/Erth      0%         N/A       100%        4
 Metabolic Englaciation   Hex/Ice        0%         N/A       100%        5
 Dispersal                Tloc           0%         N/A       100%        6
 Simulacrum               Ice/Necr       0%         N/A       100%        6
 Lehudib's Crystal Spear  Conj/Erth      0%         10d2      100%        8
 Fire Storm               Conj/Fire      0%         5d1       100%        9


Dungeon Overview and Level Annotations

Branches:
Dungeon (3/15)

Altars:
Trog

Shops:
D:1 ?


Message History

Crazy Yiuf is lightly wounded.
Crazy Yiuf barely misses you.
You hit Crazy Yiuf.
Crazy Yiuf is moderately wounded.
Crazy Yiuf hits you with a +3 quarterstaff of chaos!
You are poisoned.
Crazy Yiuf hits you with a +3 quarterstaff of chaos.
Crazy Yiuf draws strength from your wounds!
You completely miss Crazy Yiuf.
Crazy Yiuf is moderately wounded.
You feel very sick. Crazy Yiuf barely misses you.
You closely miss Crazy Yiuf.
Crazy Yiuf is moderately wounded.
You feel very sick.
Crazy Yiuf grits, "Goldfish!
Seed bag disdain."
Crazy Yiuf barely misses you.
You slash Crazy Yiuf!
Crazy Yiuf is severely wounded.
You feel sick.
Crazy Yiuf says, "Tonal rumpyflump Hive!"
Crazy Yiuf closely misses you.
You slash Crazy Yiuf!
Crazy Yiuf is almost dead.
You feel sick. Crazy Yiuf misses you.
You closely miss Crazy Yiuf.
Crazy Yiuf is almost dead.
You feel sick.
Crazy Yiuf hits you with a +3 quarterstaff of chaos!
* * * LOW HITPOINT WARNING * * *
You closely miss Crazy Yiuf.
Crazy Yiuf is almost dead.
You feel sick.
Crazy Yiuf hits you with a +3 quarterstaff of chaos!
* * * LOW HITPOINT WARNING * * *
You are more poisoned.
You block Crazy Yiuf's attack.
You hit Crazy Yiuf.
You kill Crazy Yiuf!
You die...

....^......#####..####
....######.# #....#
.##...# #.# #PP.##
.####.####.# ##PP.#
<..##...#### ##)##
.######.# ##)# ...#
#†# #.## #######.##
##.# #....### #@##
#......# #)# #...##.#
).. # #...##.# #).)#
## #...#### #).)# .#
#...# ##### .# #...#
.# #...# ## #...#


There were no monsters in sight!

Vanquished Creatures
  Crazy Yiuf (D:3)
  An orc wizard (D:3)
  2 adders
  A worm (D:2)
  2 dart slugs (D:1)
  3 orcs
  6 endoplasms
  5 giant cockroaches
  4 goblins
  6 hobgoblins
  9 jackals
  5 kobolds
  A quokka (D:1)
  6 ball pythons
  4 bats
  4 frilled lizards
  11 rats
71 creatures vanquished.

Vanquished Creatures (others)
  A fungus (D:3)
1 creature vanquished.

Grand Total: 72 creatures vanquished

Notes
Turn   | Place    | Note
-------+----------+-------------------------------------------
     0 | D:1      | CowFu the Human Fighter began the quest for the Orb.
     0 | D:1      | Reached XP level 1. HP: 18/18 MP: 1/1
    46 | D:1      | Got the Quarto of Violence and the Compass
    99 | D:1      | Reached XP level 2. HP: 18/24 MP: 2/2
   191 | D:1      | Reached skill level 3 in Long Blades
   234 | D:1      | Found Opnur's Magic Scroll Boutique.
   472 | D:1      | Reached XP level 3. HP: 29/29 MP: 3/3
  1846 | D:2      | Found a bloodstained altar of Trog.
  2123 | D:2      | Reached skill level 4 in Long Blades
  2123 | D:2      | Reached XP level 4. HP: 34/35 MP: 4/4
  2550 | D:3      | Reached XP level 5. HP: 40/41 MP: 5/5
  2928 | D:3      | Reached skill level 5 in Long Blades
  3144 | D:3      | Found a runed translucent door.
  3145 | D:3      | Noticed Crazy Yiuf
  3159 | D:3      | HP: 1/41 [Crazy Yiuf/+3 quarterstaff of chaos (10)]
  3160 | D:3      | Killed Crazy Yiuf
  3160 | D:3      | Succumbed to Crazy Yiuf's poison

Illustrated notes

Levels and vault maps discovered:
D:1:      minmay_arrival_checkered_box, layout_loops_ring, serial_shops,
          nicolae_shop_rolled_up, serial_co_window_serial, co_window_paths_a,
          co_window_corner_a, co_window_cross_1, co_window_paths_a,
          co_window_of_opportunity_a, co_window_of_opportunity_a,
          co_window_paths_a, co_window_broadway_c, co_window_corner_b,
          co_window_paths_c, co_window_corner_b, co_window_corner_cb,
          co_window_2corner, co_window_4corner_a, hex_medium
D:2:      layout_basic, basic_altar
D:3:      minmay_octagon_keep, layout_basic, roderic_lattice_a, nrook_uturn,
          kennysheep_nondescript, corexii_shack, uniq_crazy_yiuf_cottage

Skill      XL: |  1  2  3  4  5 |
---------------+----------------+-----
Long Blades    | 3 4 5 |  5.1
Fighting       | |  3.0
Armour         | |  3.0
Shields        | |  3.0

Action                     |  1- 3 |  4- 6 || total
---------------------------+-------+-------++-------
  Melee: Long sword        |   102 |   124 ||   226
    Use: Potion            |       |     1 ||     1
 Armour: Scale mail        |    37 |    66 ||   103
  Dodge: Dodged            |    44 |    60 ||   104
  Block: Buckler           |    18 |    12 ||    30

Table legend: (Time is in decaauts)
 A = Elapsed time spent in this place.
 B = Non-inter-level travel time spent in this place.
 C = Inter-level travel time spent in this place.
 D = Time resting spent in this place.
 E = Time spent auto-exploring this place.
 F = Levels seen in this place.
 G = Mean time per level.
                   A        B        C        D        E       F      G
               +--------+--------+--------+--------+--------+-----+--------+
         Total |   3213 |   3118 |     95 |      0 |   2573 |   3 | 1071.0 |
       Dungeon |   3213 |   3118 |     95 |      0 |   2573 |   3 | 1071.0 |
               +--------+--------+--------+--------+--------+-----+--------+

Top non-repeatable levels by time:
     D:1: 1446 daAuts
     D:2: 1048 daAuts
     D:3: 719 daAuts
